 Dungeon Crawl Stone Soup version 0.27-a0-1217-g8a41f320e8 (webtiles) character file.

Game seed: 16268891006289998005

39615 Bnni the Spear-Bearer (level 13, -2/117 HPs)
             Began as a Demonspawn Gladiator on June 6, 2021.
             Was a High Priest of Ashenzari.
             Slain by Agnes
             ... wielding a +0 lajatang of pain
              (4 damage)
             ... on level 14 of the Dungeon.
             The game lasted 01:15:16 (21059 turns).

Bnni the Spear-Bearer (Demonspawn Gladiator)       Turns: 21059, Time: 01:15:17

Health: -2/117     AC:  8    Str: 20    XL:     13   Next: 70%
Magic:  26/26      EV: 20    Int: 12    God:    Ashenzari [*****.]
Gold:   506        SH:  6    Dex: 16    Spells: 19/30 levels left

rFire    . . .     SeeInvis +   G - +7 trident (vorpal)
rCold    + + .     Faith    .   g - +0 buckler "Lashed Together" {Self, Fort} (curse)
rNeg     . . .     Spirit   .   t - +2 leather armour "Planets of the Sky" {-Cast Str+4 Slay+5, Range, Cun} (curse)
rPois    .         Reflect  .   (helmet restricted)
rElec    .         Harm     .   L - scarf "Eternal With Me" {rC+ rF+, Range, Self} (curse)
rCorr    .         Rampage  .   a - +1 pair of gloves "Shackled Together" {Bglg, Cun} (curse)
Will     .....     Clarity  +   b - +0 pair of boots "Mantic Dissatisfaction" {Bglg, Range} (curse) Stlth ++........NoCast +
                                M - amulet of Supernal Knowledge {Acrobat, Comp, Alch} (curse)
HPRegen  0.29/turn              n - ring of Supernal Gnosis {SInv, Range, Bglg} (curse)
MPRegen  0.20/turn              D - ring "Sublime Secrets" {Ice, Cun, Comp} (curse)

@: no status effects
A: horns 2, sturdy frame 1, demonic magic 2
a: Renounce Religion, Curse Item, Shatter the Chains


You were on level 14 of the Dungeon.
You worshipped Ashenzari.
Ashenzari was extremely pleased with you.
You visited 2 branches of the dungeon, and saw 15 of its levels.
You also visited: Ossuary.

You collected 743 gold pieces.
You spent 237 gold pieces at shops.

Inventory:

Hand Weapons
 l - a +1 vampiric trident
 p - a +1 dagger of venom
 G - a +7 vorpal trident (weapon)
Missiles
 f - 16 javelins (quivered)
 i - 67 poisoned darts
 Q - 4 atropa-tipped darts
Armour
 a - the cursed +1 pair of gloves "Shackled Together" (worn) {Bglg, Cun}
   (You found it on level 7 of the Dungeon)

   It has a curse which improves the following skills: Beguiling: Conjurations,
   Hexes and Translocations.
   Cunning:   Dodging and Stealth.
 b - the cursed +0 pair of boots "Mantic Dissatisfaction" (worn) {Bglg, Range}
   (You found it on level 12 of the Dungeon)

   It has a curse which improves the following skills: Beguiling: Conjurations,
   Hexes and Translocations.
   Ranged Combat: Slings, Bows, Crossbows and Throwing.
 d - a +1 buckler of positive energy
 g - the cursed +0 buckler "Lashed Together" (worn) {Self, Fort}
   (You found it on level 1 of the Dungeon)

   It has a curse which improves the following skills: Introspection: Fighting
   and Spellcasting.
   Fortitude: Armour and Shields.
 q - a +2 ring mail of cold resistance
 r - a +2 ring mail of poison resistance
 t - the cursed +2 leather armour "Planets of the Sky" (worn) {-Cast Str+4 Slay+5, Range, Cun}
   (You found it on level 6 of the Dungeon)

   It affects your strength (+4).
   It affects your accuracy and damage with ranged weapons and melee attacks
   (+5).
   It prevents spellcasting.
   It has a curse which improves the following skills: Ranged Combat: Slings,
   Bows, Crossbows and Throwing.
   Cunning:   Dodging and Stealth.
 H - a +2 plate armour of willpower
 I - the +0 cloak "Vaeris" {rCorr}
   (You bought it in a shop on level 12 of the Dungeon)

   It protects you from acid and corrosion.
 L - the cursed scarf "Eternal With Me" (worn) {rC+ rF+, Range, Self}
   (You found it on level 9 of the Dungeon)

   It has a curse which improves the following skills: Ranged Combat: Slings,
   Bows, Crossbows and Throwing.
   Introspection: Fighting and Spellcasting.
 S - a +0 kite shield
Jewellery
 n - the cursed ring of Supernal Gnosis (left hand) {SInv, Range, Bglg}
   (You found it on level 3 of the Dungeon)

   [ring of see invisible]

   It lets you see invisible.
   It has a curse which improves the following skills: Ranged Combat: Slings,
   Bows, Crossbows and Throwing.
   Beguiling: Conjurations, Hexes and Translocations.
 D - the cursed ring "Sublime Secrets" (right hand) {Ice, Cun, Comp}
   (You took it off Fannar on level 10 of the Dungeon)

   [ring of ice]

   It enhances your ice magic.
   It makes you vulnerable to fire.
   It protects you from cold.
   It has a curse which improves the following skills: Cunning: Dodging and
   Stealth.
   Companions: Summonings and Necromancy.
 M - the cursed amulet of Supernal Knowledge (around neck) {Acrobat, Comp, Alch}
   (You took it off a kobold on level 10 of the Dungeon)

   [amulet of the acrobat]

   It increases your evasion while moving and waiting.
   It has a curse which improves the following skills: Companions: Summonings
   and Necromancy.
   Alchemy:   Poison Magic and Transmutations.
 R - a ring of ice
Wands
 c - a wand of iceblast (29)
 h - a wand of polymorph (17)
 s - a wand of digging (10)
 E - a wand of paralysis (15)
 U - a wand of acid (5)
Scrolls
 e - 2 scrolls of teleportation
 j - 2 scrolls of blinking
 m - 2 scrolls of fear
 o - 3 scrolls of immolation
 w - a scroll of silence
 x - 2 scrolls of magic mapping
 y - a scroll of enchant armour
 F - a scroll of enchant weapon
 J - 3 scrolls of amnesia
 N - a scroll of brand weapon
 P - 2 scrolls of fog
 V - a scroll of summoning
Potions
 k - 12 potions of curing
 u - 2 potions of invisibility
 v - 3 potions of mutation
 z - a potion of cancellation
 B - 3 potions of flight
 C - 2 potions of magic
 K - 2 potions of haste
Miscellaneous
 T - a lightning rod (4/4)


   Skills:
 + Level 12.5(16.1) Fighting
 - Level 14.0 Polearms
 - Level 1.7(5.9) Throwing
 + Level 8.8(13.8) Dodging
 - Level 4.0(6.4) Shields
 + Level 5.2(9.2) Spellcasting
 * Level 5.4(10.5) Conjurations
 - Level 3.4(8.0) Translocations


You had 19 spell levels left.
You knew the following spells:

 Your Spells              Type           Power      Damage    Failure   Level
a - Apportation           Tloc           48%        N/A       1%          1
b - Animate Skeleton      Necr           12%        N/A       11%         1
c - Corona                Hex            7%         N/A       10%         1
d - Blink                 Tloc           N/A        N/A       1%          2
e - Iron Shot             Conj/Erth      9%         9d3       93%         6

Your spell library contained the following spells:

 Spells                   Type           Power      Damage    Failure   Level
 Magic Dart               Conj           100%       1d8       1%          1
 Conjure Flame            Conj/Fire      18%        6-21      4%          3
 Iskenderun's Battlesphe  Conj           30%        2d8       4%          5
 Mephitic Cloud           Conj/Pois/Air  14%        N/A       9%          3
 Summon Small Mammal      Summ           24%        N/A       11%         1
 Slow                     Hex            7%         N/A       14%         2
 Call Imp                 Summ           6%         N/A       16%         2
 Summon Guardian Golem    Hex/Summ       7%         N/A       30%         3
 Call Canine Familiar     Summ           6%         N/A       32%         3
 Bolt of Magma            Conj/Fire/Erth 6%         4d6       65%         5
 Summon Ice Beast         Ice/Summ       9%         N/A       75%         4
 Summon Lightning Spire   Summ/Air       6%         N/A       75%         4
 Orb of Destruction       Conj           15%        9d7       83%         7
 Spellforged Servitor     Conj/Summ      9%         N/A       100%        7


Dungeon Overview and Level Annotations

Branches:
Dungeon (14/15)            Temple (1/1) D:4            Lair (0/6) D:8
    Orc (0/2) D:9         Ossuary (visited)
 Vaults: D:13-14

Altars:
Ashenzari
Cheibriados
Dithmenos
Elyvilon
Fedhas
Gozag
Hepliaklqana
Kikubaaqudgha
Makhleb
Nemelex Xobeh
Okawaru
Qazlal
Ru
Sif Muna
Trog
Uskayaw
Vehumet
Wu Jian
Xom
Yredelemnul
Zin
The Shining One
Beogh

Shops:
D:1 *   D:11 *   D:12 [

Annotations:
D:4 3 runed translucent doors, LordKittycat's ghost, amateur DrCj; Majang's ghost, amateur DjIE
D:14 Agnes


Innate Abilities, Weirdness & Mutations

You have a pair of horns on your head.
Your movements are slightly less encumbered by armour. (ER -2)
Spells you cast may paralyse nearby enemies.


Message History

You writhe in agony.
Okay, then.
You puncture Agnes! Your headbutt misses Agnes.
Agnes is moderately wounded.
You closely miss Agnes.
Agnes is moderately wounded.
Agnes hits you with a +0 lajatang of pain!
You writhe in agony.
You closely miss Agnes. You headbutt Agnes!!
Agnes is heavily wounded.
Agnes hits you with a +0 lajatang of pain!!
You writhe in agony.
You are too injured to fight recklessly!
You are too injured to fight recklessly!
Okay, then.
Press: ? - help, v - describe, . - travel
Here: Agnes, wielding a +0 lajatang of pain and wearing a +0 robe (heavily wounded, very poisoned, slow)
The floor.
Aiming: Iceblast
Press: ? - help, Shift-Dir - straight line, p - Agnes
Okay, then.
Aiming: Iceblast
Press: ? - help, Shift-Dir - straight line, p - Agnes The mass of ice explodes!
The iceblast engulfs Agnes!!
Agnes is severely wounded.
Agnes barely misses you.
Aiming: Iceblast
Press: ? - help, Shift-Dir - straight line The mass of ice explodes!
The iceblast engulfs Agnes!
Agnes is severely wounded.
Agnes hits you with a +0 lajatang of pain!
* * * LOW HITPOINT WARNING * * *
You writhe in agony.
* * * LOW HITPOINT WARNING * * *
You puncture Agnes!
Agnes is almost dead.
Agnes hits you with a +0 lajatang of pain!!
* * * LOW HITPOINT WARNING * * *
You writhe in agony.
You die...

* , *,*** #######
,*,* ,*######.#####
* .........### , , ,
..###...<.### ,
.........@####### *
,, ,
..###...i.........#
, ,, *
###.#.#######.# ,
,,, **.#####(#.###
#.# ,,,,,*
.........#### #.# ,
#####...########.###
, ,,,
##.....#######.####
, ,
#.....i.######.####
, ,, *
#...(.....####...###


You could see Agnes (poisoned, slow).

Vanquished Creatures
  A fire giant (D:12)
  2 boulder beetles
  A vault guard (D:14)
  Fannar (D:10)
  5 hydras
  Harold (D:8)
  A rakshasa (D:12)
  A catoblepas (D:14)
  A death knight (D:14)
  A centaur warrior (D:13)
  6 two-headed ogres
  A tengu warrior (D:6)
  2 skeletal warriors
  A wizard (D:9)
  7 ugly things
  Pikel (D:7)
  2 manticores
  A cyclops (D:13)
  Joseph (D:9)
  3 gargoyles
  A komodo dragon (D:11)
  2 unseen horrors
  A tengu conjurer (D:14)
  2 efreet (D:14)
  A freezing wraith (D:12)
  5 kobold demonologists
  4 trolls
  A wind drake (shapeshifter) (D:12)
  Prince Ribbit (D:5)
  7 slime creatures
  A meliai zombie (D:10)
  19 yaks
  Sigmund (D:2)
  3 vampires
  Eustachio (D:4)
  2 steam dragons (D:7)
  7 vampire mosquitoes
  Duvessa (D:5)
  6 orc warriors
  4 water moccasins
  An ice beast (D:7)
  3 black bears
  A sky beast (D:6)
  3 ogres
  6 centaurs
  A phantom (D:5)
  7 bullfrogs
  Blork the orc (D:4)
  2 wyvern zombies (D:7)
  3 gnoll sergeants
  A kobold brigand (D:10)
  13 scorpions
  Dowan (D:5)
  A water moccasin skeleton (D:4)
  4 killer bees
  9 wights
  3 howler monkeys
  An electric eel (D:7)
  5 centaur zombies
  A bullfrog zombie (D:5)
  2 human zombies (Ossuary)
  3 centaur skeletons
  6 hounds
  4 jellies
  A gnoll shaman (D:7)
  4 orc priests
  8 orc wizards
  Ijyb (D:4)
  An iguana (D:5)
  7 scorpion zombies (Ossuary)
  A hound skeleton (D:4)
  3 mummies (Ossuary)
  Robin (D:2)
  5 adders
  A howler monkey zombie (D:8)
  2 shadow imps
  A white imp (D:5)
  An ufetubus (D:6)
  5 worms
  4 dart slugs
  71 orcs
  7 ball pythons
  4 bats
  7 endoplasms
  2 giant cockroaches
  15 goblins
  7 hobgoblins
  6 jackals
  17 kobolds
  3 quokkas
  3 frilled lizards
  A gnoll zombie (Ossuary)
  3 goblin zombies (Ossuary)
  2 kobold zombies (Ossuary)
  7 rats
  2 butterflies (D:4)
395 creatures vanquished.

Vanquished Creatures (others)
  A centaur (D:7)
  A wyvern zombie (D:7)
  A bullfrog (D:7)
  A bullfrog skeleton (D:7)
  62 fungi (D:8)
  60 plants
  6 withered plants (D:4)
132 creatures vanquished.

Grand Total: 527 creatures vanquished

Notes
Turn   | Place    | Note
-------+----------+-------------------------------------------
     0 | D:1      | Bnni the Demonspawn Gladiator began the quest for the Orb.
     0 | D:1      | Reached XP level 1. HP: 16/16 MP: 1/1
    96 | D:1      | Reached skill level 3 in Polearms
   103 | D:1      | Gained mutation: Your movements are slightly less
                  | encumbered by armour. (ER -2) [demonic ancestry]
   103 | D:1      | Reached XP level 2. HP: 11/22 MP: 2/2
   990 | D:1      | Reached XP level 3. HP: 25/28 MP: 3/3
  1083 | D:1      | Found Agosei's Assorted Antiques.
  1218 | D:2      | You fall into a shaft and drop 1 floor!
  1226 | D:2      | Noticed Robin
  1826 | D:2      | Killed Robin
  2031 | D:2      | Reached XP level 4. HP: 33/34 MP: 4/4
  2113 | D:2      | Noticed Sigmund
  2137 | D:2      | Killed Sigmund
  2138 | D:2      | Reached skill level 4 in Polearms
  2138 | D:2      | Reached skill level 1 in Shields
  2138 | D:2      | Reached XP level 5. HP: 18/41 MP: 5/5
  3084 | D:3      | Gained mutation: Spells you cast may paralyse adjacent
                  | enemies. [demonic ancestry]
  3084 | D:3      | Reached XP level 6. HP: 47/47 MP: 6/6
  3328 | D:3      | Reached skill level 5 in Polearms
  3855 | D:4      | Found a runed translucent gate.
  3856 | D:4      | Found a runed translucent gate.
  3859 | D:4      | Noticed Majang's ghost (amateur DjIE)
  3860 | D:4      | Found a runed translucent gate.
  3860 | D:4      | Noticed LordKittycat's ghost (amateur DrCj)
  3893 | D:4      | Found a staircase to the Ecumenical Temple.
  3921 | Temple   | Entered the Ecumenical Temple
  3982 | Temple   | Became a worshipper of Ashenzari the Shackled
  4609 | D:4      | Found a hide-covered altar of Uskayaw.
  4864 | D:4      | Noticed Blork the orc
  4880 | D:4      | Killed Blork the orc
  4881 | D:4      | Reached XP level 7. HP: 54/54 MP: 7/7
  4987 | D:4      | Found a hazy altar of Hepliaklqana.
  5111 | D:4      | Noticed Ijyb
  5121 | D:4      | Killed Ijyb
  5207 | D:4      | Noticed Eustachio
  5221 | D:4      | Killed Eustachio
  5222 | D:4      | Reached skill level 6 in Polearms
  5515 | D:5      | Entered Level 5 of the Dungeon
  5661 | D:5      | Noticed Prince Ribbit
  5676 | D:5      | HP: 2/55 [Prince Ribbit (12)]
  5685 | D:5      | Killed Prince Ribbit
  5686 | D:5      | Reached skill level 5 in Fighting
  5686 | D:5      | Reached XP level 8. HP: 24/62 MP: 8/8
  6140 | D:5      | Reached skill level 7 in Polearms
  6615 | D:5      | Reached * piety under Ashenzari
  6626 | D:5      | Noticed a two-headed ogre
  6649 | D:5      | Killed a two-headed ogre
  6650 | D:5      | Reached skill level 8 in Polearms
  6650 | D:5      | Gained mutation: You have a pair of small horns on your
                  | head. [demonic ancestry]
  6650 | D:5      | Reached XP level 9. HP: 60/71 MP: 9/9
  6781 | D:5      | Noticed Duvessa
  6781 | D:5      | Noticed Dowan
  6798 | D:5      | Killed Duvessa
  6803 | D:5      | Killed Dowan
  7489 | D:6      | Identified the +2 leather armour "Gemugyf" {-Cast Str+4
                  | Slay+5}
  7489 | D:6      | Found a sand-covered staircase.
  7501 | Ossuary  | Entered an ossuary
  7524 | Ossuary  | Reached skill level 9 in Polearms
  8188 | D:6      | Reached skill level 10 in Polearms
  8190 | D:6      | Reached ** piety under Ashenzari
  8552 | D:6      | Found an opulent altar of Gozag.
  9293 | D:7      | Gained mutation: Spells you cast may paralyse nearby
                  | enemies. [demonic ancestry]
  9293 | D:7      | Reached XP level 10. HP: 75/83 MP: 10/10
  9347 | D:7      | Noticed Pikel
  9371 | D:7      | Killed Pikel
  9692 | D:7      | Reached skill level 11 in Polearms
  9711 | D:7      | Learned a level 1 spell: Apportation
  9713 | D:7      | Learned a level 1 spell: Animate Skeleton
  9715 | D:7      | Learned a level 1 spell: Corona
  9738 | D:7      | Noticed a tengu warrior
  9739 | D:7      | Noticed a two-headed ogre
  9766 | D:6      | Killed a tengu warrior
 10091 | D:6      | Killed a two-headed ogre
 10672 | D:7      | Learned a level 2 spell: Blink
 10936 | D:7      | Noticed a gargoyle
 10953 | D:7      | Killed a gargoyle
 11101 | D:7      | Reached skill level 12 in Polearms
 11694 | D:7      | Noticed a skeletal warrior
 11700 | D:7      | Killed a skeletal warrior
 11701 | D:7      | Gained mutation: You have a pair of horns on your head.
                  | [demonic ancestry]
 11701 | D:7      | Reached XP level 11. HP: 84/93 MP: 11/11
 12142 | D:8      | Found a staircase to the Lair.
 12157 | D:8      | Reached *** piety under Ashenzari
 12471 | D:8      | Reached skill level 10 in Fighting
 12495 | D:8      | Noticed Harold
 12504 | D:8      | Killed Harold
 12849 | D:9      | Noticed a wizard
 12850 | D:9      | Noticed Joseph
 12947 | D:9      | Killed Joseph
 12985 | D:9      | Killed a wizard
 13121 | D:9      | Found a staircase to the Orcish Mines.
 13178 | D:9      | Reached **** piety under Ashenzari
 13270 | D:10     | Entered Level 10 of the Dungeon
 13276 | D:10     | Reached skill level 5 in Dodging
 13287 | D:10     | Reached skill level 13 in Polearms
 13565 | D:10     | Noticed a two-headed ogre
 13572 | D:10     | Killed a two-headed ogre
 13738 | D:10     | Noticed Fannar
 13758 | D:10     | Killed Fannar
 14337 | D:11     | Noticed a boulder beetle
 14356 | D:11     | Killed a boulder beetle
 14357 | D:11     | Reached XP level 12. HP: 63/103 MP: 12/12
 14698 | D:11     | Noticed a two-headed ogre
 14708 | D:11     | Killed a two-headed ogre
 15064 | D:11     | Found Diehylub's Changing Room.
 15154 | D:11     | Reached skill level 14 in Polearms
 15208 | D:11     | Identified the +6 great sword of Alangop {flame, rF++
                  | Str+2}
 15871 | D:12     | Reached skill level 1 in Spellcasting
 15871 | D:12     | Reached skill level 1 in Translocations
 15911 | D:12     | Noticed a fire giant
 16072 | D:12     | Reached ***** piety under Ashenzari
 16139 | D:12     | Noticed a boulder beetle
 16140 | D:12     | Noticed a rakshasa
 16381 | D:12     | Noticed a tengu reaver
 16423 | D:12     | Found Coapra's Antique Armour Emporium.
 16429 | D:12     | Bought a translucent cloak for 237 gold pieces
 16429 | D:12     | Identified the +0 cloak "Vaeris" {rCorr} (You bought it in
                  | a shop on level 12 of the Dungeon)
 16584 | D:12     | Noticed a seven-headed hydra
 16590 | D:12     | Killed a seven-headed hydra
 16703 | D:12     | Noticed a five-headed hydra
 17171 | D:12     | Killed a five-headed hydra
 17178 | D:12     | Killed a rakshasa
 17187 | D:12     | Killed a boulder beetle
 17656 | D:12     | Killed a fire giant
 17892 | D:12     | Reached XP level 13. HP: 110/115 MP: 22/22
 18514 | D:13     | Learned a level 6 spell: Iron Shot
 18654 | D:13     | Reached skill level 1 in Conjurations
 19407 | D:14     | Found a shimmering blue altar of Sif Muna.
 19568 | D:14     | Noticed Agnes
 19593 | D:14     | HP: 4/117 [Agnes/+0 lajatang of pain (31)]
 20628 | D:14     | Reached skill level 5 in Spellcasting
 20633 | D:14     | Noticed a fire dragon
 20639 | D:14     | Reached skill level 5 in Conjurations
 21059 | D:14     | HP: 2/117 [Agnes/+0 lajatang of pain (29)]
 21059 | D:14     | Slain by Agnes

Illustrated notes

Levels and vault maps discovered:
D:1:      lightli_arrival_flooded_house, layout_loops_ring, serial_shops,
          shop_statue, chequers_arboretum
D:2:      layout_loops_ring, uniq_sigmund, uniq_robin
D:3:      layout_loops_cross, minmay_misc_feat_iff
D:4:      layout_loops_corners, nicolae_overflow_crystal_walls,
          lemuel_doored_altar, minmay_temple_entry_butterflies,
          gammafunk_ghost_cemetery, uniq_ijyb, uniq_blork_the_orc,
          uniq_eustachio
D:5:      layout_loops_cross, uniq_prince_ribbit1, uniq_duvessa
D:6:      layout_gridville, grunt_temple_overflow_gold_and_silver,
          enter_ossuary_3, serial_bayou_ford_a, minmay_misc_feat_alley,
          serial_bayou_pond_c
D:7:      nzn_winding_woodlands_stair_cross
          [nzn_winding_woodlands_5x15_lazy_stream,
          nzn_winding_woodlands_center_garden,
          nzn_winding_woodlands_5x15_pockets, nzn_winding_woodlands_5x5_three,
          nzn_winding_woodlands_hourglass,
          nzn_winding_woodlands_5x15_split_checker,
          nzn_winding_woodlands_center_diamonds,
          nzn_winding_woodlands_5x15_river_crossing], layout_rooms,
          lemuel_flamethrower_2, uniq_pikel
D:8:      layout_loops_ring, nicolae_overflow_hidden_temple,
          due_lair_maze_entry_diamond, dk_noncrumbling_2, uniq_harold,
          uniq_maurice
D:9:      cheibrodos_wizards_tower, layout_basic, orc_0_dummy,
          corexii_leaking_fountain, uniq_joseph
D:10:     layout_cave_pools, special_room [special_room_orc], uniq_fannar
D:11:     layout_stronghold, nicolae_transmutations_shop
D:12:     minmay_textured_paths, layout_stronghold, serial_shops, shop,
          mrwooster_statue_mirror
D:13:     layout_loops_cross
D:14:     layout_loops_corners, lightli_vaults_fourway_checkpoint, led_sif_pool,
          minivault_19, minmay_guarded_unrand_zonguldrok, uniq_agnes
Temple:   bh_familiar_temple

Skill      XL: |  1  2  3  4  5  6  7  8  9 10 11 12 13 |
---------------+----------------------------------------+-----
Polearms       | 3 4 5 6 8 10 12 13 14 | 14.0
Fighting       | 3 4 5 6 8 9 10 11 12 | 12.5
Shields        | 1 2 3 4 |  4.0
Dodging        | 3 5 7 8 |  8.8
Spellcasting   | 3 5 |  5.2
Translocations | 3 |  3.4
Conjurations   | 5 |  5.4
Throwing       | |  1.7

Action                   |  1- 3 |  4- 6 |  7- 9 | 10-12 | 13-15 || total
-------------------------+-------+-------+-------+-------+-------++-------
Melee: Trident           |   128 |   164 |   140 |   536 |   190 ||  1158
       Unarmed           |    23 |       |       |       |       ||    23
       Dagger            |       |    96 |   228 |    55 |       ||   379
       Headbutt          |       |       |    63 |   128 |    45 ||   236
Throw: Throwing net      |     2 |     4 |     3 |     9 |     3 ||    21
       Dart              |       |       |       |     1 |     1 ||     2
       Javelin           |       |       |       |       |     1 ||     1
Invok: Curse Item        |       |       |     3 |     6 |     1 ||    10
       Shatter the Chain |       |       |       |     2 |       ||     2
Evoke: Wand              |       |       |     2 |     2 |     3 ||     7
  Use: Potion            |       |     1 |     2 |     3 |     2 ||     8
       Scroll            |       |       |       |     1 |     4 ||     5
 Stab: Sleeping          |     3 |     1 |     3 |     4 |     1 ||    12
       Distracted        |     1 |       |       |     1 |       ||     2
       Held in net/web   |       |       |     2 |     2 |     1 ||     5
Armor: Leather armour    |    39 |       |    54 |    66 |    13 ||   172
       Skin              |     3 |     5 |       |       |       ||     8
       Ring mail         |     2 |    70 |    88 |       |       ||   160
Dodge: Dodged            |   101 |   108 |   169 |   209 |    70 ||   657
Block: Buckler           |     7 |    34 |    69 |    76 |    28 ||   214

Table legend: (Time is in decaauts)
 A = Elapsed time spent in this place.
 B = Non-inter-level travel time spent in this place.
 C = Inter-level travel time spent in this place.
 D = Time resting spent in this place.
 E = Time spent auto-exploring this place.
 F = Levels seen in this place.
 G = Mean time per level.
                   A        B        C        D        E       F      G
               +--------+--------+--------+--------+--------+-----+--------+
         Total |  20862 |  20240 |    622 |   6932 |  10020 |  16 | 1303.9 |
       Dungeon |  20014 |  19411 |    603 |   6755 |   9650 |  14 | 1429.6 |
        Temple |    192 |    173 |     19 |      0 |    167 |   1 |  192.0 |
       Ossuary |    655 |    655 |      0 |    177 |    203 |   1 |  655.0 |
               +--------+--------+--------+--------+--------+-----+--------+

Top non-repeatable levels by time:
     D:7: 2120 daAuts
     D:6: 1954 daAuts
    D:11: 1903 daAuts
    D:12: 1870 daAuts
    D:13: 1806 daAuts
     D:5: 1681 daAuts
     D:3: 1531 daAuts
     D:4: 1512 daAuts
     D:1: 1226 daAuts
     D:2: 1098 daAuts
    D:14: 1087 daAuts
    D:10: 929 daAuts
     D:8: 874 daAuts
 Ossuary: 655 daAuts
     D:9: 416 daAuts
